 Dungeon Crawl Stone Soup version 0.28.0-49-g6dfe1f597d (webtiles) character file.

Game seed: 327954589892086101

24257 Gabide the Impaler (level 13, 0/96 HPs)
             Began as a Human Monk on May 12, 2022.
             Was an Elder of Sif Muna.
             Succumbed to barbed spike wounds
             ... on level 13 of the Dungeon.
             The game lasted 00:39:29 (15025 turns).

Gabide the Impaler (Human Monk)                    Turns: 15025, Time: 00:39:29

Health: 0/96       AC: 12    Str: 17    XL:     13   Next: 41%
Magic:  19/19      EV: 16    Int:  8    God:    Sif Muna [****..]
Gold:   781        SH:  0    Dex: 14    Spells: 12/12 levels left

rFire   . . .      SeeInvis .   g - +1 halberd (vamp)
rCold   . . .      Faith    +   (shield currently unavailable)
rNeg    . . .      Spirit   .   r - +4 scale mail {rPois}
rPois   +          Reflect  .   J - +0 helmet
rElec   .          Harm     .   (no cloak)
rCorr   .          Rampage  .   l - +0 pair of gloves
Will    .....      Rnd*Tele +   o - +0 pair of boots
Stlth   +.........              C - amulet of faith
HPRegen 0.26/turn               s - +4 ring of evasion
MPRegen 0.16/turn               k - +4 ring of protection

@: spiked, corroded, studying Short Blades
A: clumsy 1, deformed body, dopey 1, teleportitis 1
a: Renounce Religion, Channel Magic, Forget Spell, Divine Exegesis


You were on level 13 of the Dungeon.
You worshipped Sif Muna.
Sif Muna was greatly pleased with you.
You visited 2 branches of the dungeon, and saw 14 of its levels.

You collected 781 gold pieces.

Inventory:

Hand Weapons
 a - a +0 spear
 g - a +1 vampiric halberd (weapon)
 v - a +1 dagger of distortion
 G - a +0 glaive
Missiles
 t - 6 boomerangs (quivered)
 H - 20 silver boomerangs
Armour
 j - +2 steam dragon scales
 l - a +0 pair of gloves (worn)
 o - a +0 pair of boots (worn)
 r - a +4 scale mail of poison resistance (worn)
 J - a +0 helmet (worn)
Jewellery
 b - a ring of see invisible
 c - a ring of wizardry
 d - a ring of poison resistance
 f - a +6 ring of strength
 k - a +4 ring of protection (right hand)
 s - a +4 ring of evasion (left hand)
 x - an amulet of regeneration
 C - an amulet of faith (around neck)
 K - a ring of fire
Wands
 u - a wand of flame (17)
 B - a wand of polymorph (9)
Scrolls
 e - 2 scrolls of immolation
 h - 6 scrolls of vulnerability
 p - 2 scrolls of fog
 q - 2 scrolls of amnesia
 y - 4 scrolls of identify
Potions
 i - a potion of cancellation
 m - a potion of attraction
 n - 2 potions of brilliance
 w - a potion of flight
 E - a potion of might
 I - a potion of lignification
 L - 2 potions of magic
Miscellaneous
 A - a tin of tremorstones (inert)


   Skills:
 + Level 7.0 Fighting
 + Level 17.0 Polearms
 + Level 7.0 Armour
 + Level 7.0 Dodging
 - Level 2.0 Stealth
 * Level 8.2 Invocations


You had 12 spell levels left.
You didn't know any spells.
Your spell library contained the following spells:

 Spells                   Type           Power      Damage    Failure   Level
 Foxfire                  Conj/Fire      0%         2x1d4     77%         1
 Magic Dart               Conj           0%         1d3       77%         1
 Call Imp                 Summ           0%         N/A       88%         2
 Conjure Flame            Conj/Fire      0%         6-21      98%         3
 Inner Flame              Hex/Fire       0%         N/A       98%         3
 Mephitic Cloud           Conj/Pois/Air  0%         N/A       98%         3
 Flame Wave               Conj/Fire      0%         2d4       100%        4
 Leda's Liquefaction      Hex/Erth       0%         N/A       100%        4
 Summon Ice Beast         Ice/Summ       0%         N/A       100%        4
 Lee's Rapid Deconstruct  Erth           0%         3d5*      100%        5
 Summon Mana Viper        Hex/Summ       0%         N/A       100%        5
 Statue Form              Tmut/Erth      0%         N/A       100%        6
 Monstrous Menagerie      Summ           0%         N/A       100%        7


Dungeon Overview and Level Annotations

Branches:
Dungeon (13/15)            Temple (1/1) D:7            Lair (0/6) D:9
    Orc (0/2) D:12         Vaults (0/5) D:13

Altars:
Ashenzari
Cheibriados
Dithmenos
Elyvilon
Fedhas
Gozag
Hepliaklqana
Kikubaaqudgha
Makhleb
Nemelex Xobeh
Okawaru
Qazlal
Ru
Sif Muna
Trog
Uskayaw
Vehumet
Wu Jian
Xom
Yredelemnul
Zin
The Shining One


Innate Abilities, Weirdness & Mutations

You are clumsy. (Dex -2)
Armour fits poorly on your strangely shaped body.
You are dopey. (Int -2)
You are occasionally teleported next to monsters.


Message History

You are too injured to fight recklessly!
You are too injured to fight recklessly!
You are too injured to fight recklessly!
You are too injured to fight recklessly!
You are too injured to fight recklessly!
You are too injured to fight recklessly!
You are too injured to fight recklessly!
You are too injured to fight recklessly!
You are too injured to fight recklessly!
You are too injured to fight recklessly!
You are too injured to fight recklessly!
You are too injured to fight recklessly!
You are too injured to fight recklessly!
You are too injured to fight recklessly!
You are too injured to fight recklessly!
You are too injured to fight recklessly!
You are too injured to fight recklessly!
You are too injured to fight recklessly!
You are too injured to fight recklessly!
Okay, then.
The brown ugly thing pecks you.
* * * LOW HITPOINT WARNING * * *
You are splashed with acid!
* * * LOW HITPOINT WARNING * * *
Okay, then.
The manticore flicks its tail.
The volley of spikes misses you.
Okay, then.
The manticore flicks its tail.
The volley of spikes hits you but does no damage.
The manticore flicks its tail.
The volley of spikes hits you!
The barbed spikes become lodged in your body.
* * * LOW HITPOINT WARNING * * *
Items here: ( ))).
The barbs in your skin will harm you if you move.
Continue?
Okay, then.
The barbs in your skin will harm you if you move.
Continue?
The barbed spikes dig painfully into your body as you move.
You die...

#######..########..........#.....
#∩....#..#....[#...........#.....
#.....#..#.....#...........#.....
#.....#..#.....#.....(....)')....
#.....#..'u....##....(######.....
#..[..#..'H....##...(......#.....
####''#..########..........######
...............(.................
......(...H...u(@................
####''#..#######....<............
#.....#..'.....######............
#.....#..'.....# #............
#.....#..#.....# #............
#.....#..#.....# #............
#.....#..#.....# ########.....
#######..####### #.....
................ #.....


You could see a brown ugly thing and a manticore.

Vanquished Creatures
  An ironbound preserver (D:13)
  A boulder beetle (D:13)
  4 centaur warriors (D:13)
  5 two-headed ogres
  A tengu warrior (D:13)
  A deep elf pyromancer (D:12)
  A harpy (D:12)
  Pikel (D:7)
  An ugly thing (D:12)
  4 manticores
  A shining eye (D:12)
  2 cyclopes (D:11)
  4 gargoyles
  Maggie (D:5)
  2 unseen horrors
  3 trolls
  A slime creature (D:12)
  2 shadows
  A wraith (D:12)
  18 yaks
  A steam dragon (D:8)
  6 vampire mosquitoes
  An acid dragon (D:8)
  A water moccasin (D:5)
  Duvessa (D:7)
  4 necrophages
  3 orc warriors
  2 sky beasts (D:6)
  4 black bears
  19 centaurs
  An ogre (D:5)
  A phantom (D:6)
  4 kobold brigands (D:11)
  A lemure (D:7)
  6 bullfrogs
  A gnoll sergeant (D:11)
  2 scorpions (D:7)
  A wyvern zombie (D:8)
  A wyvern skeleton (D:7)
  Dowan (D:7)
  20 killer bees
  7 wights
  A bullfrog zombie (D:6)
  3 hounds
  A jelly (D:8)
  4 orc priests
  A centaur skeleton (D:4)
  2 iguanas
  A scorpion zombie (D:3)
  7 orc wizards
  A hound skeleton (D:4)
  3 howler monkey skeletons
  A howler monkey zombie (D:8)
  4 gnolls (D:11)
  6 adders
  3 shadow imps
  A white imp (D:7)
  An ufetubus (D:5)
  3 dart slugs
  17 orcs
  7 bats
  5 endoplasms
  4 giant cockroaches
  9 goblins
  12 hobgoblins
  3 jackals (D:1)
  10 kobolds
  8 quokkas
  11 ball pythons
  A frilled lizard (D:3)
  6 rats
279 creatures vanquished.

Vanquished Creatures (others)
  6 fungi (D:9)
  14 plants (D:9)
20 creatures vanquished.

Grand Total: 299 creatures vanquished

Notes
Turn   | Place    | Note
-------+----------+-------------------------------------------
     0 | D:1      | Gabide the Human Monk began the quest for the Orb.
     0 | D:1      | Reached XP level 1. HP: 18/18 MP: 1/1
   176 | D:1      | Reached XP level 2. HP: 24/24 MP: 2/2
   731 | D:1      | Reached skill level 4 in Polearms
   731 | D:1      | Reached XP level 3. HP: 11/29 MP: 3/3
  1593 | D:2      | Found a faded altar of an unknown god.
  1618 | D:2      | Reached skill level 1 in Armour
  1940 | D:2      | Reached XP level 4. HP: 30/35 MP: 4/4
  2663 | D:3      | Reached XP level 5. HP: 31/41 MP: 5/5
  3648 | D:4      | Reached skill level 5 in Polearms
  4287 | D:4      | Reached XP level 6. HP: 46/47 MP: 6/6
  4500 | D:5      | Entered Level 5 of the Dungeon
  4674 | D:5      | Noticed an ogre
  4709 | D:5      | Killed an ogre
  4710 | D:5      | Reached skill level 6 in Polearms
  4777 | D:5      | Noticed a water moccasin
  4797 | D:5      | Killed a water moccasin
  4798 | D:5      | Reached skill level 7 in Polearms
  4798 | D:5      | Reached XP level 7. HP: 23/52 MP: 7/7
  4990 | D:5      | Noticed a yak
  5055 | D:5      | Killed a yak
  5583 | D:6      | Noticed Maggie
  5623 | D:5      | Killed Maggie
  5624 | D:5      | Reached skill level 8 in Polearms
  5624 | D:5      | Reached XP level 8. HP: 22/58 MP: 8/8
  5936 | D:6      | Noticed a two-headed ogre
  5939 | D:6      | Reached skill level 9 in Polearms
  5948 | D:6      | Killed a two-headed ogre
  5949 | D:6      | Reached skill level 10 in Polearms
  5949 | D:6      | Reached XP level 9. HP: 13/63 MP: 9/9
  6211 | D:5      | Reached skill level 11 in Polearms
  6611 | D:6      | Reached skill level 12 in Polearms
  6755 | D:7      | Found a shimmering altar of Xom.
  6824 | D:7      | Found a basalt altar of Yredelemnul.
  6875 | D:7      | Found a staircase to the Ecumenical Temple.
  6887 | Temple   | Entered the Ecumenical Temple
  6936 | Temple   | Became a worshipper of Sif Muna the Loreminder
  6936 | Temple   | Reached * piety under Sif Muna
  6936 | Temple   | Reached ** piety under Sif Muna
  7184 | D:7      | Noticed Dowan
  7192 | D:7      | Noticed Duvessa
  7198 | D:7      | Killed Duvessa
  7214 | D:7      | Killed Dowan
  7541 | D:7      | Reached XP level 10. HP: 70/70 MP: 10/10
  7646 | D:7      | Reached skill level 13 in Polearms
  7707 | D:7      | Noticed Pikel
  7720 | D:7      | Killed Pikel
  8095 | D:8      | Reached skill level 14 in Polearms
  8726 | D:8      | Reached skill level 15 in Polearms
  9089 | D:9      | Noticed an unseen horror
  9097 | D:9      | Killed an unseen horror
  9098 | D:9      | Reached XP level 11. HP: 75/75 MP: 11/11
  9140 | D:9      | Noticed a two-headed ogre
  9214 | D:9      | Killed a two-headed ogre
  9218 | D:9      | Reached skill level 16 in Polearms
  9365 | D:9      | Reached *** piety under Sif Muna
  9768 | D:9      | Found a staircase to the Lair.
  9878 | D:10     | Entered Level 10 of the Dungeon
 10223 | D:10     | Noticed a two-headed ogre
 10234 | D:10     | Killed a two-headed ogre
 10235 | D:10     | Reached skill level 1 in Invocations
 10276 | D:10     | Identified the +6 falchion of Xom's Righteous Anger
                  | {freeze, Stlth+}
 10548 | D:10     | Found a hazy altar of Hepliaklqana.
 10569 | D:10     | Found an opulent altar of Gozag.
 10705 | D:10     | Noticed a two-headed ogre
 10714 | D:10     | Killed a two-headed ogre
 10933 | D:11     | Reached XP level 12. HP: 74/85 MP: 12/14
 10987 | D:11     | Reached **** piety under Sif Muna
 11067 | D:11     | Reached skill level 5 in Fighting
 11067 | D:11     | Reached skill level 5 in Dodging
 11180 | D:11     | Reached skill level 5 in Armour
 11884 | D:11     | Noticed a two-headed ogre
 11889 | D:11     | Killed a two-headed ogre
 12110 | D:11     | Reached skill level 5 in Invocations
 12338 | D:12     | Found a staircase to the Orcish Mines.
 12798 | D:12     | Gained mutation: You are occasionally teleported next to
                  | monsters. [a shining eye]
 12806 | D:12     | Gained mutation: You are dopey. (Int -2) [a shining eye]
 12808 | D:12     | Gained mutation: You are clumsy. (Dex -2) [a shining eye]
 12810 | D:12     | Gained mutation: Armour fits poorly on your strangely
                  | shaped body. [a shining eye]
 13050 | D:13     | Noticed a centaur warrior
 13083 | D:13     | Killed a centaur warrior
 13248 | D:13     | Noticed a centaur warrior
 13251 | D:13     | Noticed a centaur warrior
 13262 | D:13     | Killed a centaur warrior
 13268 | D:13     | Killed a centaur warrior
 13269 | D:13     | Reached XP level 13. HP: 93/93 MP: 16/18
 13316 | D:13     | Noticed a centaur warrior
 13316 | D:13     | Noticed a boulder beetle
 13365 | D:13     | Killed a centaur warrior
 13393 | D:13     | Killed a boulder beetle
 13608 | D:13     | Found a gate to the Vaults.
 13608 | D:13     | Noticed an ironbound preserver
 13608 | D:13     | Noticed a boulder beetle
 13615 | D:13     | Identified the +9 scimitar "Melurghyl" {freeze, *Corrode
                  | Dex+7 SInv}
 14269 | D:12     | Reached skill level 17 in Polearms
 14892 | D:13     | Killed an ironbound preserver
 15025 | D:13     | Succumbed to barbed spike wounds

Illustrated notes

Levels and vault maps discovered:
D:1:      lightli_arrival_farm, layout_loops_ring
D:2:      layout_basic, ebering_ecumenical_altar_sacrificial
D:3:      minmay_chambers_of_threes, layout_loops_corners
D:4:      nicolae_cairo_tiling_very_big, layout_basic
D:5:      layout_rooms, minmay_manual_mandibuliform
D:6:      layout_rooms, uniq_maggie
D:7:      layout_loops_ring, mainiacjoe_overflow_large_starburst,
          minmay_temple_entry_sparse_star, uniq_duvessa, uniq_pikel
D:8:      layout_basic
D:9:      layout_rooms, grunt_lair_entry_orc_guard_hut
D:10:     lemuel_ice_spiral_2, layout_basic, grunt_gozag_breadcrumbs,
          nzn_hepliaklqana_mist_gate
D:11:     layout_basic, hex_intersection, minmay_unpleasant_kobolds
D:12:     layout_roguey, orc_0_dummy, amcnicky_mini_corridor_feature,
          amcnicky_mini_rare_corridor_liquid
D:13:     layout_grid_maze, skrybe_vaults_entry_preservation
Temple:   dpeg_five_rooms_temple

Skill      XL: |  1  2  3  4  5  6  7  8  9 10 11 12 13 |
---------------+----------------------------------------+-----
Polearms       | 4 5 7 8 10 12 15 16 17 | 17.0
Armour         | 1 2 3 4 6 7 |  7.0
Fighting       | 4 6 7 |  7.0
Dodging        | 4 6 7 |  7.0
Invocations    | 2 6 8 |  8.2
Stealth        | |  2.0

Action                   |  1- 3 |  4- 6 |  7- 9 | 10-12 | 13-15 || total
-------------------------+-------+-------+-------+-------+-------++-------
Melee: Spear             |   144 |   277 |    83 |       |       ||   504
       Punch             |     1 |     1 |       |       |       ||     2
       Halberd           |       |       |   115 |   851 |   154 ||  1120
Throw: Boomerang         |       |       |     2 |     4 |     3 ||     9
Evoke: Wand              |       |     2 |     6 |     1 |     2 ||    11
       Tin of tremorston |       |       |       |       |     2 ||     2
  Use: Scroll            |     3 |     3 |     4 |     7 |     3 ||    20
       Potion            |       |       |     9 |     2 |     2 ||    13
 Stab: Sleeping          |     7 |     8 |     1 |       |       ||    16
       Distracted        |       |       |     1 |       |       ||     1
Armor: Robe              |    11 |       |       |       |       ||    11
       Leather armour    |     8 |    46 |       |       |       ||    54
       Ring mail         |       |    36 |    22 |       |       ||    58
       Steam dragon scal |       |       |    44 |       |       ||    44
       Scale mail        |       |       |       |   299 |    58 ||   357
Dodge: Dodged            |    82 |   115 |   102 |   567 |    75 ||   941
